 Dungeon Crawl Stone Soup version 0.31.0-11-ge490571c62 (webtiles) character file.

Game seed: 8627255685709517975

176072 Strat the Severer (level 17, 0/149 HPs)
             Began as an Armataur Conjurer on Jan 30, 2024.
             Was the Champion of Qazlal.
             Succumbed to a nagaraja's poison arrow
             ... on level 4 of the Snake Pit.
             The game lasted 01:25:10 (38853 turns).

Strat the Severer (Armataur Conjurer)              Turns: 38853, Time: 01:25:11

Health: 0/149      AC: 23    Str: 22    XL:     17   Next: 49%
Magic:  36/36      EV:  9    Int: 24    God:    Qazlal [******]
Gold:   2353       SH: 20    Dex:  7    Spells: 8/19 levels left

rFire   . . .        a - +8 mithril axe "Arga" {speed, Will+}
rCold   + . .        h - +2 kite shield {AC+3}
rNeg    . . .        M - +1 plate armour {rC+}
rPois   +            o - +0 hat
rElec   .            j - +2 cloak {rCorr}
rCorr   +            g - +2 pair of gloves
SInv    .            (no barding)
Will    ++...        H - amulet of faith Stlth
                     C - ring "Jelor" {rPois MP+9 Str+6 Int+6 Dex-3}
HPRegen 0.44/turn    f - +5 ring of evasion
MPRegen 0.25/turn

%: repel missiles, roll, faith
@: lethally poisoned (0 -> -15), untranslocatable
A: large, deformed body, tough skin 3, armoured tail, roll 2, dopey 1, weak 1
a: Renounce Religion, Upheaval, Elemental Force, Disaster Area


You were on level 4 of the Snake Pit.
You worshipped Qazlal.
Qazlal was exalted by your worship.
You visited 5 branches of the dungeon, and saw 27 of its levels.
You visited 1 bazaar.
You also visited: Gauntlet.

You collected 4170 gold pieces.
You spent 1817 gold pieces at shops.

Inventory:

Hand Weapons
 a - the +8 mithril axe "Arga" (weapon) {speed, Will+}
   (You acquired it on level 6 of the Dungeon)

   Will+:     It increases your willpower.
 b - a +4 whip of electrocution
Missiles
 k - 2 javelins
 L - 2 throwing nets
 U - 3 silver javelins
Armour
 g - a +2 pair of gloves (worn)
 h - a +2 kite shield of protection (worn)
 j - a +2 cloak of preservation (worn)
 o - a +0 hat (worn)
 w - a scarf of invisibility
 M - a +1 plate armour of cold resistance (worn)
Jewellery
 f - a +5 ring of evasion (right hand)
 v - a ring of willpower
 z - a ring of flight
 C - the ring "Jelor" (left hand) {rPois MP+9 Str+6 Int+6 Dex-3}
   (You found it in a Gauntlet)

   [ring of strength]

   Str+6:     It affects your strength (+6).
   Int+6:     It affects your intelligence (+6).
   Dex-3:     It affects your dexterity (-3).
   rPois:     It protects you from poison MP+9: It affects your magic capacity
   (+9).
 H - an amulet of faith (around neck)
 N - a ring of protection from fire
Wands
 s - a wand of acid (17)
 t - a wand of roots (35)
 B - a wand of charming (44)
 E - a wand of mindburst (5)
 K - a wand of flame (47)
 Q - a wand of polymorph (8)
 R - a wand of digging (2)
Scrolls
 l - a scroll of fear
 m - 3 scrolls of amnesia
 n - 7 scrolls of teleportation
 r - 2 scrolls of poison
 u - 5 scrolls of enchant armour
 x - 9 scrolls of identify
 y - 2 scrolls of fog
 A - 6 scrolls of immolation
 I - a scroll of brand weapon
 O - 3 scrolls of silence
 P - 2 scrolls of enchant weapon
 S - 5 scrolls of revelation
 T - 3 scrolls of torment
 W - a scroll of blinking
 Y - 2 scrolls of noise
Potions
 c - 6 potions of lignification
 d - a potion of magic
 e - 7 potions of mutation
 i - 4 potions of attraction
 p - 7 potions of enlightenment
 q - 2 potions of curing
 F - 4 potions of brilliance
 G - 10 potions of ambrosia
 V - 2 potions of resistance
 X - 2 potions of invisibility


   Skills:
 + Level 13.0 Fighting
 - Level 18.0 Axes
 + Level 10.6 Armour
 - Level 1.3 Dodging
 - Level 3.4 Stealth
 + Level 11.8 Shields
 - Level 1.7 Spellcasting
 - Level 5.0 Conjurations
 + Level 14.2 Invocations


You had 8 spell levels left.
You knew the following spells:

 Your Spells              Type           Power      Damage    Failure   Level
a - Magic Dart            Conj           100%       1d8       34%         1
b - Searing Ray           Conj           52%        2d6       47%         2
c - Blink                 Tloc           4%         N/A       99%         2
d - Manifold Assault      Tloc           2%         N/A       100%        4
e - Lesser Beckoning      Tloc           4%         N/A       99%         2

Your spell library contained the following spells:

 Spells                   Type           Power      Damage    Failure   Level
 Shock                    Conj/Air       56%        1d6       69%         1
 Momentum Strike          Conj/Tloc      28%        3d8       83%         2
 Necrotise                Necr           8%         1d4       95%         1
 Call Imp                 Summ           4%         N/A       99%         2
 Scorch                   Fire           4%         2d5       99%         2
 Call Canine Familiar     Summ           2%         N/A       100%        3
 Frozen Ramparts          Ice            4%         1d1       100%        3
 Sigil of Binding         Hex            2%         N/A       100%        3
 Swiftness                Air            2%         N/A       100%        3
 Vampiric Draining        Necr           2%         2d6       100%        3
 Airstrike                Air            1%         2d(1-17)  100%        4
 Dimensional Bullseye     Hex/Tloc       1%         N/A       100%        4
 Flame Wave               Conj/Fire      14%        2d6       100%        4
 Fulminant Prism          Conj/Alch      7%         3d6       100%        4
 Iskenderun's Mystic Bla  Conj/Tloc      14%        2d5       100%        4
 Leda's Liquefaction      Alch/Erth      1%         N/A       100%        4
 Martyr's Knell           Necr/Summ      2%         N/A       100%        4
 Petrify                  Alch/Erth      2%         N/A       100%        4
 Curse of Agony           Necr           2%         N/A       100%        5
 Metabolic Englaciation   Hex/Ice        1%         N/A       100%        5
 Conjure Ball Lightning   Conj/Air       7%         3x3d6     100%        6
 Dispersal                Tloc           1%         N/A       100%        6
 Summon Cactus Giant      Summ           1%         N/A       100%        6
 Haunt                    Necr/Summ      1%         N/A       100%        7
 Borgnjor's Revivificati  Necr           1%         N/A       100%        8
 Discord                  Hex            1%         N/A       100%        8
 Disjunction              Tloc           1%         N/A       100%        8
 Death's Door             Necr           1%         N/A       100%        9


Dungeon Overview and Level Annotations

Branches:
Dungeon (15/15)            Temple (1/1) D:7            Lair (5/5) D:10
  Swamp (0/4) Lair:2        Snake (4/4) Lair:2        Slime (0/5) Lair:4
    Orc (2/2) D:11            Elf (0/3) Orc:2        Vaults (0/5) D:14
 Depths (0/4) D:15        Gauntlet (visited)

Altars:
Ashenzari
Cheibriados
Dithmenos
Elyvilon
Fedhas
Gozag
Hepliaklqana
Kikubaaqudgha
Makhleb
Nemelex Xobeh
Okawaru
Qazlal
Ru
Sif Muna
Trog
Uskayaw
Vehumet
Wu Jian
Xom
Yredelemnul
Zin
The Shining One
Jiyva

Shops:
D:10 :   D:12 *   D:14 *   Orc:1 *   Orc:2 ([([

Annotations:
D:1 1 transporter
D:9 2 runed translucent doors, Bobbunny's ghost, journeyman FoFi
Lair:1 1 runed translucent door, peterlawrence's ghost, journeyman MiFi
Lair:4 1 runed translucent door
Snake:4 3 runed translucent doors, Dadghomedgh's ghost, adept GnHW; Sagen's ghost, adept DrCj; Soawkar's ghost, adept GrFi; bakla's ghost, adept GnBr


Innate Abilities, Weirdness & Mutations

Armour fits poorly on your strangely shaped body.
You have extremely tough skin. (AC +3)
You have a long armoured tail.
You regenerate magic and health when rolling toward enemies. (Rampage Regen)
You are dopey. (Int -2)
You are weak. (Str -2)


Message History

Okay, then.
Okay, then.
The nagaraja points at you and mumbles some strange words.
You feel more firmly anchored in space.
The nagaraja mumbles some strange words.
The nagaraja seems to speed up.
The nagaraja spits poison at you. The splash of poison hits you.
You are poisoned.
You resist.
* * * LOW HITPOINT WARNING * * *
You feel very sick.
You feel very sick.
You feel very sick. The nagaraja spits poison at you.
You block the splash of poison.
You feel sick. The nagaraja spits poison at you.
You block the splash of poison.
The nagaraja gestures at you while chanting.
The bolt of poison hits you but does no damage.
You resist.
You feel sick.
Your protection from physical attacks is fading.
You feel sick.
You feel sick.
You feel sick.
You feel sick.
Things that are here:
a +0 spear; a +0 robe; a naga corpse You feel sick.
You are no longer poisoned.
You feel less protected from physical attacks.
You feel better.
The nagaraja points at you and mumbles some strange words.
The poison arrow hits you!
You are poisoned.
You partially resist.
* * * LOW HITPOINT WARNING * * *
You die...

..............###..........###
.............##..............##
...........##.....######.....#
...........#....###....###...#
...#......##...##........##... ..
##.....#...##..).N)N§§§#... .. .
##....#...#....###§§§§##.. ...
##...#...#... ##§§§§#.. ..#
###...#§.@#.. ##§..#.. .#
#.....#...#. #...#.. .##
##.....#...## ##N..#..
..#####......##§..# ##....#..
...[.........##.○○### ##....##..
.............##..)N.####....##...
..............##......N....##....
)..............##.........##....#
................###.....###.....#


You could see a nagaraja (fast).

Vanquished Creatures
  Mara (Snake:4)
  Rupert (D:12)
  Asterion (Snake:2)
  A sphinx (D:15)
  14 nagarajas (Snake:4)
  2 orc warlords (Orc:2)
  A dire elephant (D:14)
  A minotaur (Gauntlet)
  Snorg (D:14)
  2 fire dragons
  Fannar (D:11)
  A rakshasa (D:11)
  An ogre mage (D:15)
  2 salamander tyrants
  2 catoblepae (Lair:5)
  3 hydras
  5 centaur warriors
  7 anacondas
  3 boulder beetles
  An alligator (Lair:2)
  10 two-headed ogres
  15 naga warriors
  5 tengu warriors
  11 death yaks
  A deep troll earth mage (D:15)
  3 orc high priests (Orc:2)
  5 shock serpents
  A deep troll shaman (Lair:5)
  8 naga sharpshooters
  A fire crab (Gauntlet)
  A deep elf knight (D:14)
  A skyshark (Lair:2)
  Lodul (D:12)
  5 salamander mystics
  11 naga ritualists
  7 mana vipers
  A deep elf archer (D:14)
  A lindwurm (Lair:5)
  4 manticores
  Pikel (D:6)
  4 orc knights
  4 ugly things
  5 orc sorcerers
  2 deep elf pyromancers
  7 cyclopes
  Maurice (D:11)
  20 salamanders
  15 elephants
  38 black mambas
  6 kobold blastminers (Orc:2)
  15 naga magi
  8 guardian serpents
  13 cane toads
  4 torpor snails (Lair:4)
  2 rime drakes
  6 komodo dragons
  An unseen horror (D:12)
  A freezing wraith (D:15)
  2 ice devils (D:13)
  2 tengu conjurers (D:13)
  2 polar bears
  A hornet (Lair:1)
  A queen bee (Lair:1)
  7 trolls
  22 blink frogs
  A hornet (shapeshifter) (D:15)
  A centaur simulacrum (D:15)
  5 wyverns
  A culicivora (shapeshifter) (D:15)
  8 slime creatures
  2 shadows
  A wraith (D:13)
  9 fire bats
  2 humans (D:10)
  3 basilisks
  3 steam dragons (D:9)
  7 wargs
  13 yaks
  5 vampire mosquitoes
  A swamp worm (Gauntlet)
  2 acid dragons (D:9)
  Edmund (D:6)
  51 nagas
  20 water moccasins
  33 orc warriors
  An ice beast (shapeshifter) (D:15)
  2 sky beasts (D:8)
  An ice beast (D:7)
  3 black bears
  19 wolves
  4 laughing skulls
  19 ogres
  9 centaurs
  A phantom (D:7)
  A weeping skull (D:15)
  12 bullfrogs
  A kobold brigand (D:9)
  3 scorpions
  8 wights
  24 killer bees (Lair:1)
  4 electric eels
  4 howler monkeys
  6 hounds
  17 orc priests
  2 bombardier beetles (D:5)
  Crazy Yiuf (D:7)
  2 gnoll boudas (D:4)
  2 iguanas (D:5)
  Natasha (D:4)
  32 orc wizards
  A scorpion zombie (D:5)
  3 hound zombies (D:5)
  2 hound skeletons (D:5)
  13 gnolls
  2 howler monkey skeletons (D:5)
  7 adders
  A river rat (D:4)
  A shadow imp (D:6)
  A white imp (D:7)
  2 ufetubi (D:6)
  2 ribbon worms
  2 dart slugs
  96 orcs
  4 ball pythons
  3 bats
  6 endoplasms
  3 giant cockroaches
  2 goblins (D:6)
  2 hobgoblins (D:1)
  4 jackals
  9 kobolds
  A quokka (D:1)
  4 frilled lizards
  9 rats
  A spectral orc (D:15)
  2 spectral weapons (Snake:2)
864 creatures vanquished.

Vanquished Creatures (others)
  An angel (D:4)
  A salamander mystic (Snake:2)
2 creatures vanquished.

Grand Total: 866 creatures vanquished

Notes
Turn   | Place    | Note
-------+----------+-------------------------------------------
     0 | D:1      | Strat the Armataur Conjurer began the quest for the Orb.
     0 | D:1      | Reached XP level 1. HP: 14/14 MP: 3/3
   538 | D:1      | Reached XP level 2. HP: 20/20 MP: 1/4
   541 | D:1      | Learned a level 2 spell: Searing Ray
  1105 | D:2      | Identified the +1 short sword of Wrath {flame, MP+9 Int+4
                  | Dex+2}
  1388 | D:2      | Found a sacrificial altar of Ru.
  1475 | D:2      | Reached XP level 3. HP: 26/26 MP: 5/5
  1982 | D:3      | Found an opulent altar of Gozag.
  2068 | D:3      | Reached skill level 5 in Conjurations
  2184 | D:3      | Noticed an ogre
  2214 | D:3      | Killed an ogre
  2215 | D:3      | Reached XP level 4. HP: 36/36 MP: 6/6
  2215 | D:3      | Reached XP level 5. HP: 41/41 MP: 7/7
  2346 | D:3      | Found a burning altar of Makhleb.
  2346 | D:3      | Found a broken altar of Ashenzari.
  2354 | D:3      | Found a faded altar of an unknown god.
  2360 | D:3      | Found a faded altar of an unknown god.
  2361 | D:3      | Found a stormy altar of Qazlal.
  2382 | D:3      | Became a worshipper of Qazlal Stormbringer
  3477 | D:4      | Found a glowing silver altar of Zin.
  3484 | D:4      | Noticed an angel
  3487 | D:4      | Found a shimmering altar of Xom.
  3511 | D:4      | Reached XP level 6. HP: 52/52 MP: 8/8
  3775 | D:4      | Noticed Natasha
  3970 | D:4      | Killed Natasha
  3979 | D:4      | Killed an angel
  4138 | D:4      | Reached * piety under Qazlal
  4479 | D:5      | Entered Level 5 of the Dungeon
  4621 | D:5      | Reached skill level 5 in Fighting
  4669 | D:5      | Gained mutation: You regenerate magic and health when
                  | rolling toward enemies. (Rampage Regen) [Armataur growth]
  4669 | D:5      | Reached XP level 7. HP: 42/61 MP: 6/9
  4687 | D:5      | HP: 3/61 [poisoned by a scorpion]
  6100 | D:6      | Identified a scroll of acquirement
  6100 | D:6      | Acquired the +8 mithril axe "Arga" {speed, Will+}
  6100 | D:6      | Found the +8 mithril axe "Arga" {speed, Will+}
  6308 | D:6      | Reached skill level 5 in Shields
  6927 | D:5      | Reached skill level 1 in Axes
  6927 | D:5      | Reached XP level 8. HP: 52/68 MP: 1/10
  7244 | D:6      | Found a sacrificial altar of Ru.
  7326 | D:6      | Noticed Edmund
  7351 | D:6      | Reached skill level 2 in Axes
  7489 | D:6      | Killed Edmund
  7490 | D:6      | Reached skill level 3 in Axes
  7820 | D:6      | Reached skill level 4 in Axes
  8122 | D:6      | Reached skill level 5 in Axes
  8185 | D:6      | Noticed Pikel
  8441 | D:6      | Killed Pikel
  8442 | D:6      | Reached skill level 6 in Axes
  8442 | D:6      | Reached XP level 9. HP: 49/74 MP: 8/11
  9081 | D:7      | Reached skill level 7 in Axes
  9236 | D:7      | Reached ** piety under Qazlal
  9481 | D:7      | Reached skill level 8 in Axes
  9536 | D:7      | Found a white marble altar of Elyvilon.
  9613 | D:7      | Found a runed translucent door.
  9614 | D:7      | Noticed Crazy Yiuf
  9648 | D:7      | Found a staircase to the Ecumenical Temple.
 10070 | D:7      | Killed Crazy Yiuf
 10146 | Temple   | Entered the Ecumenical Temple
 10214 | D:8      | Noticed a two-headed ogre
 10225 | D:8      | Killed a two-headed ogre
 10226 | D:8      | Reached skill level 9 in Axes
 10311 | D:8      | Noticed a two-headed ogre
 10378 | D:8      | Reached XP level 10. HP: 71/81 MP: 8/12
 10618 | D:8      | Reached skill level 1 in Armour
 10887 | D:8      | Killed a two-headed ogre
 11132 | D:9      | Reached skill level 10 in Axes
 11515 | D:9      | Reached *** piety under Qazlal
 11755 | D:9      | Found a large runed translucent door.
 11755 | D:9      | Found a large runed translucent door.
 11757 | D:9      | Noticed Bobbunny's ghost (journeyman FoFi)
 12105 | D:10     | Entered Level 10 of the Dungeon
 12142 | D:10     | Reached skill level 5 in Armour
 12427 | D:10     | Found a glowing golden altar of the Shining One.
 12503 | D:10     | Found an iron altar of Okawaru.
 12775 | D:10     | Found Mocecire's Book Boutique.
 12852 | D:10     | Reached XP level 11. HP: 91/91 MP: 13/13
 12857 | D:10     | Found a staircase to the Lair.
 13147 | D:11     | Reached skill level 1 in Invocations
 13406 | D:11     | Found a staircase to the Orcish Mines.
 13455 | D:11     | Noticed a two-headed ogre
 13478 | D:11     | Killed a two-headed ogre
 13594 | D:11     | Noticed Fannar
 13609 | D:11     | Killed Fannar
 13765 | D:11     | Reached **** piety under Qazlal
 13926 | D:11     | Learned a level 2 spell: Blink
 14083 | D:12     | Noticed a cyan ugly thing
 14123 | Orc:1    | Entered Level 1 of the Orcish Mines
 14123 | Orc:1    | Found Leeto's General Store.
 14127 | Orc:1    | Noticed an orc knight
 14201 | Lair:1   | Entered Level 1 of the Lair of Beasts
 14316 | Lair:1   | Reached skill level 11 in Axes
 14379 | Lair:1   | Found a runed translucent door.
 14379 | Lair:1   | Noticed peterlawrence's ghost (journeyman MiFi)
 15685 | Lair:2   | Reached ***** piety under Qazlal
 15735 | Lair:2   | Noticed an alligator
 15761 | Lair:2   | Killed an alligator
 15762 | Lair:2   | Reached XP level 12. HP: 98/103 MP: 15/15
 15856 | Lair:2   | Found a staircase to the Snake Pit.
 16000 | Lair:2   | Found a staircase to the Swamp.
 16028 | Lair:2   | Reached skill level 5 in Invocations
 16351 | Lair:2   | Noticed an eight-headed hydra
 16356 | Lair:2   | Killed an eight-headed hydra
 16572 | Lair:3   | Noticed a death yak
 16573 | Lair:3   | Noticed a death yak
 16575 | Lair:3   | Noticed a death yak
 16575 | Lair:3   | Noticed a death yak
 17170 | Lair:3   | Killed a death yak
 17181 | Lair:3   | Killed a death yak
 17182 | Lair:3   | Reached skill level 10 in Armour
 17188 | Lair:3   | Killed a death yak
 17189 | Lair:3   | Reached skill level 12 in Axes
 17194 | Lair:3   | Killed a death yak
 17849 | Lair:4   | Identified the +1 falchion of Qoal {protect, *Corrode
                  | Int+4}
 18008 | Lair:4   | Reached XP level 13. HP: 80/113 MP: 18/18
 18234 | Lair:4   | Reached skill level 10 in Fighting
 18247 | Lair:4   | Found a runed translucent door.
 18247 | Lair:4   | Found a viscous altar of Jiyva.
 18247 | Lair:4   | Noticed an acid blob
 18248 | Lair:4   | Found a staircase to the Slime Pits.
 18248 | Lair:4   | Noticed an acid blob
 18248 | Lair:4   | Noticed an acid blob
 18508 | Lair:4   | You fall into a shaft and drop 1 floor!
 18508 | Lair:5   | Entered Level 5 of the Lair of Beasts
 18962 | Lair:5   | Reached skill level 13 in Axes
 19161 | Lair:5   | Reached ****** piety under Qazlal
 19189 | Lair:5   | Found a dark tunnel.
 19726 | Lair:5   | Reached skill level 10 in Invocations
 20208 | Lair:4   | Reached XP level 14. HP: 70/121 MP: 22/22
 22067 | Orc:1    | Reached skill level 14 in Axes
 22494 | Orc:2    | Entered Level 2 of the Orcish Mines
 22691 | Orc:2    | Noticed an orc warlord
 22953 | Orc:2    | Killed an orc warlord
 23357 | Orc:2    | Found Kogor's Antique Weapon Boutique.
 23413 | Orc:2    | Noticed an orc warlord
 23457 | Orc:2    | Killed an orc warlord
 23457 | Orc:2    | Gained mutation: You are weak. (Str -2) [a neqoxec]
 23460 | Orc:2    | Gained mutation: You are dopey. (Int -2) [a neqoxec]
 23791 | Orc:2    | Found a staircase to the Elven Halls.
 24057 | Orc:2    | Found Xasoseav's Antique Armour Emporium.
 24059 | Orc:2    | Found Zuvod's Antique Weapon Shoppe.
 24072 | Orc:2    | Bought a pair of embroidered gloves for 127 gold pieces
 24158 | Orc:2    | Found Fimux's Armour Shop.
 24425 | Orc:1    | Bought a scroll of acquirement for 832 gold pieces
 24425 | Orc:1    | Bought a potion of curing for 48 gold pieces
 24425 | Orc:1    | Bought a scroll of enchant armour for 120 gold pieces
 24425 | Orc:1    | Acquired 970 gold pieces
 24635 | D:12     | Noticed Rupert
 24963 | D:11     | Noticed Maurice
 24977 | D:11     | Maurice stole 3 silver javelins
 24980 | D:11     | Killed Maurice
 25528 | D:12     | Noticed Lodul
 25722 | D:12     | Killed Lodul
 25921 | D:12     | Found Pugie's Assorted Antiques.
 26004 | D:12     | Bought a scroll of teleportation for 114 gold pieces
 26004 | D:12     | Bought a scroll of teleportation for 114 gold pieces
 26085 | D:12     | Killed Rupert
 26331 | D:13     | Reached XP level 15. HP: 126/130 MP: 24/24
 26926 | D:13     | Found a frozen archway.
 27059 | D:14     | Found Hoffip's Assorted Antiques.
 27063 | D:14     | Bought a scroll of teleportation for 117 gold pieces
 27143 | D:14     | Found a gate leading to a gauntlet.
 27168 | Gauntlet | Entered a Gauntlet
 27168 | Gauntlet | Found a transporter.
 27168 | Gauntlet | Found a transporter.
 27181 | Gauntlet | Found a transporter.
 27198 | Gauntlet | Found a transporter.
 27198 | Gauntlet | Found a transporter.
 27199 | Gauntlet | Found a transporter.
 27202 | Gauntlet | Found a transporter.
 27202 | Gauntlet | Found a transporter.
 27224 | Gauntlet | Found a transporter.
 27235 | Gauntlet | Found a transporter.
 27245 | Gauntlet | Found a transporter.
 27259 | Gauntlet | Found a transporter.
 27280 | Gauntlet | Found a transporter.
 27293 | Gauntlet | Found a transporter.
 27375 | Gauntlet | Identified the ring "Jelor" {rPois MP+9 Str+6 Int+6 Dex-3}
 28023 | D:14     | Found a gate to the Vaults.
 28287 | D:14     | Noticed Snorg
 28304 | D:14     | Killed Snorg
 28848 | D:15     | Entered Level 15 of the Dungeon
 29175 | D:15     | Noticed a sphinx
 29187 | D:15     | Killed a sphinx
 29270 | D:15     | Reached skill level 10 in Shields
 29298 | D:15     | Reached skill level 15 in Axes
 29328 | D:15     | Found a staircase to the Depths.
 29501 | D:15     | Found a basalt altar of Yredelemnul.
 30226 | Snake:1  | Entered Level 1 of the Snake Pit
 31535 | Snake:1  | Reached XP level 16. HP: 127/140 MP: 26/26
 31791 | Snake:1  | Learned a level 4 spell: Manifold Assault
 31794 | Snake:1  | Learned a level 2 spell: Lesser Beckoning
 33832 | Snake:2  | Noticed Asterion
 33841 | Snake:2  | Killed Asterion
 34000 | Snake:2  | Reached skill level 16 in Axes
 34877 | Snake:3  | Found a flickering gateway to a bazaar.
 34886 | Bazaar   | Entered a bazaar
 34886 | Bazaar   | Found Nasot's Distillery.
 34886 | Bazaar   | Found Piapolai's Jewellery Shoppe.
 34935 | Bazaar   | Bought a potion of might for 48 gold pieces
 34946 | Bazaar   | Found Keonk's Antique Weapon Boutique.
 34958 | Bazaar   | Found Uxeptish's General Store.
 34966 | Bazaar   | Bought a scroll of teleportation for 33 gold pieces
 34969 | Bazaar   | Found Reschov's Antique Armour Boutique.
 35014 | Bazaar   | Bought a potion of curing for 36 gold pieces
 35014 | Bazaar   | Bought a potion of curing for 36 gold pieces
 35014 | Bazaar   | Bought 2 potions of invisibility for 192 gold pieces
 35483 | Snake:4  | Entered Level 4 of the Snake Pit
 35539 | Snake:4  | Noticed Mara
 35981 | Snake:4  | Reached skill level 17 in Axes
 36284 | Snake:4  | Reached XP level 17. HP: 102/148 MP: 27/27
 36448 | Snake:4  | Noticed Strat's illusion
 36458 | Snake:4  | Killed Mara
 37173 | Snake:4  | Found a runed translucent gate.
 37173 | Snake:4  | Found a runed translucent gate.
 37173 | Snake:4  | Found a runed translucent gate.
 37174 | Snake:4  | Noticed Sagen's ghost (adept DrCj)
 37175 | Snake:4  | Noticed Dadghomedgh's ghost (adept GnHW)
 37176 | Snake:4  | Noticed bakla's ghost (adept GnBr)
 37178 | Snake:4  | Noticed Soawkar's ghost (adept GrFi)
 37545 | Snake:4  | Reached skill level 18 in Axes
 38852 | Snake:4  | HP: 4/149 [nagaraja/poison arrow (15)]
 38853 | Snake:4  | Succumbed to a nagaraja's poison arrow

Illustrated notes

Levels and vault maps discovered:
D:1:      spicycebolla_arrival_risky_transporter, layout_loops_ring,
          kennysheep_doodads, hangedman_abyss_or_decor_lesser_grid
D:2:      layout_rooms, basic_altar, kennysheep_generic_room_9
D:3:      layout_loops_ring, nicolae_gozag_seed_capital,
          chequers_temple_overflow_minitemple, kennysheep_generic_room_3
D:4:      layout_layer_cave, grunt_temple_overflow_order_and_chaos_1,
          mainiacjoe_sewer_entry_somewhere_in_here_2, uniq_natasha
D:5:      minmay_inner_zag, layout_basic, mainiacjoe_ossuary_entry_find_the_door
D:6:      layout_basic, nicolae_ru_great_annihilating_truth,
          chequers_serial_rivers_micro_e, minmay_stone_trees_large,
          minmay_misc_feat_x, uniq_pikel, uniq_edmund
D:7:      layout_cave_pods, kennysheep_mini_moat,
          minmay_temple_entry_drinking_statues, uniq_crazy_yiuf_cottage
D:8:      layout_basic
D:9:      layout_irregular_city, ebering_ghost_disaster_area,
          chequers_serial_rivers_small_3
D:10:     layout_rooms, okawaru_humans, mainiacjoe_overflow_alcove_4,
          erik_lair_island, serial_shops, nicolae_shop_statue_plus
D:11:     dragon1_lemuel, layout_basic, minmay_orc_entry_guard_dogs,
          uniq_fannar, uniq_maurice
D:12:     layout_big_octagon, serial_shops, shop, uniq_lodul, uniq_rupert
D:13:     layout_long_grid, portal_ice_cave_demonic_guard,
          david_defended_altar_orc
D:14:     layout_roguey, david_vaults_4, gauntlet_entry_generic,
          chequers_serial_rivers_large_a, serial_shops, nicolae_shop_dealshenge,
          beargit_elvish_explorers, uniq_snorg
D:15:     hellmonk_depths_entry_around_the_bend, layout_loops_ring,
          minmay_curled_crystal, minmay_tree_intersection,
          yredelemnul_forgotten_temple_becter
Temple:   nicolae_temple_no_exploring_needed
Lair:1:   layout_roguey [special_room_bee], hellmonk_ghost_happy_afterlife
Lair:2:   layout_cave_shapes, mainiacjoe_swamp_entry_lozenge_pond,
          minmay_snake_entry_six_corridors, st_stairs_13
Lair:3:   layout_regular_city, serial_bayou_shore_a, grunt_megastairs_3,
          lemuel_fruit_tree
Lair:4:   nzn_winding_woodlands_medium [nzn_winding_woodlands_5x5_open_star,
          nzn_winding_woodlands_5x15_split_checker,
          nzn_winding_woodlands_5x5_default, nzn_winding_woodlands_5x5_cross,
          nzn_winding_woodlands_center_pierced_h,
          nzn_winding_woodlands_hourglass,
          nzn_winding_woodlands_5x5_closed_star,
          nzn_winding_woodlands_5x15_pool, nzn_winding_woodlands_5x5_perimeter],
          layout_regular_city, slime_entry_2
Lair:5:   grunt_lair_end_beastmaster, layout_gridlike,
          nicolae_volcano_entry_two_sided
Snake:1:  layout_concentric_octagons
Snake:2:  layout_onion_interference, grunt_ministairs_13,
          nicolae_snake_guarding_the_ruins, uniq_asterion
Snake:3:  layout_rooms, serial_shops, bzr_entry_water
Snake:4:  grunt_snake_rune_spirals, layout_onion, gammafunk_ghost_cemetery,
          uniq_mara
Orc:1:    layout_caves, basic_altar, serial_shops, shop
Orc:2:    grunt_orc_community_town_hall, layout_caves,
          grunt_orc_community_big_house_2, grunt_orc_community_big_house_1,
          grunt_orc_community_house_2, grunt_orc_community_house_1,
          grunt_orc_community_house_1, grunt_orc_community_house_3,
          grunt_orc_community_house_2, grunt_orc_community_house_2, basic_altar

Skill      XL: |  1  2  3  4  5  6  7  8  9 10 11 12 13 14 15 16 17 |
---------------+----------------------------------------------------+-----
Conjurations   | 4 5 |  5.0
Fighting       | 2 3 5 6 8 9 10 11 12 13 | 13.0
Stealth        | 3 |  3.4
Shields        | 2 5 8 10 11 | 11.8
Axes           | 1 6 9 10 11 12 13 14 15 17 18 | 18.0
Armour         | 5 8 10 | 10.6
Invocations    | 4 7 10 12 13 14 | 14.2
Dodging        | |  1.3
Spellcasting   | |  1.7

Action                     |  1- 3 |  4- 6 |  7- 9 | 10-12 | 13-15 | 16-18 || total
---------------------------+-------+-------+-------+-------+-------+-------++-------
  Melee: Mace              |    11 |       |       |       |       |       ||    11
         Tailslap          |     2 |       |    19 |    61 |   215 |   143 ||   440
         Short sword       |       |    12 |     1 |       |       |       ||    13
         Spear             |       |       |    16 |       |       |       ||    16
         Whip              |       |       |    54 |       |     5 |       ||    59
         Broad axe         |       |       |    46 |   522 |  1288 |   817 ||  2673
   Cast: Magic Dart        |    26 |       |       |       |       |       ||    26
         Searing Ray       |    25 |    37 |    57 |     1 |       |       ||   120
 Invoke: Upheaval          |       |       |       |     2 |     7 |       ||     9
         Disaster Area     |       |       |       |       |     3 |     4 ||     7
         Elemental Force   |       |       |       |       |     1 |       ||     1
  Evoke: Wand              |       |       |     1 |    23 |    15 |     2 ||    41
    Use: Scroll            |       |       |    18 |    12 |     9 |     3 ||    42
         Potion            |       |       |     2 |     3 |     5 |     4 ||    14
   Stab: Paralysed         |       |       |     1 |       |       |       ||     1
         Invisible         |       |       |       |     2 |     6 |       ||     8
         Distracted        |       |       |       |       |     3 |       ||     3
 Armour: Robe              |    10 |    30 |   108 |       |       |       ||   148
         Ring mail         |       |       |    62 |    13 |       |       ||    75
         Acid dragon scale |       |       |       |    72 |       |       ||    72
         Chain mail        |       |       |       |   238 |   422 |       ||   660
         Plate armour      |       |       |       |       |   128 |   235 ||   363
  Dodge: Dodged            |     7 |    27 |    82 |    93 |   163 |    92 ||   464
         Repelled          |       |       |       |       |    10 |    34 ||    44
  Block: Other             |       |     1 |    10 |       |       |       ||    11
         Kite shield       |       |       |    23 |   331 |   856 |   537 ||  1747
